AoeStats
← ThickBurrito97

Arena

510720173Analyzed
3v3 RM · 1d ago on Oct 2, 2026· 52m 51s· 6 players
Game mode
Random Map
Map size
Normal (6 player)
Population
200
Speed
Normal
Resources
Standard
Victory
Conquest
Starting age
Dark Age
Ending age
Imperial Age
RankedLock teamsTeams togetherTeam positionsShared explorationLock speedFull tech treeHidden civsTurbo modeCheats
Victory
Defeat
🇨🇦 Romans · Canada
719
+11
🇦🇺 Portuguese · Australia
653
+14
🇨🇳 Khitans · China
505
+20
🇦🇺 Portuguese · Australia
635
-16
🇫🇷 Vietnamese · France
617
-16
🇲🇽 Spanish · Mexico
557
-13
ThickBurrito97
36:20 Loom
Azzdert NGG
10:45 Loom
12:53 Feudal Age
14:25 Horse Collar
14:32 Double-Bit Axe
17:28 Wheelbarrow
21:28 Castle Age
21:05 Gold Mining
21:06 Stone Mining
24:19 Stone Shaft Mining
25:30 Bow Saw
27:05 Town Watch
28:02 Heavy Plow
30:30 Hand Cart
30:21 Town Patrol
33:06 Forging
32:56 Scale Mail Armor
33:01 Scale Barding Armor
35:37 Imperial Age
34:08 Masonry
33:53 Murder Holes
34:12 Fortified Wall
34:01 Murder Holes
38:23 Elite Conquistador
nonodaubresse45
0:36 Loom
12:15 Feudal Age
13:36 Wheelbarrow
12:52 Double-Bit Axe
13:14 Man-at-Arms
25:28 Horse Collar
27:37 Forging
27:27 Padded Archer Armor
27:28 Scale Mail Armor
27:33 Scale Barding Armor
30:20 Arson
30:38 Gold Mining
33:34 Castle Age
33:40 Pikeman
33:42 Elite Skirmisher
35:33 Hand Cart
36:12 Husbandry
Cinderella913
12:38 Feudal Age
13:10 Double-Bit Axe
13:07 Horse Collar
15:31 Forging
17:47 Castle Age
17:00 Man-at-Arms
17:41 Stone Mining
19:05 Squires
24:27 Scale Mail Armor
26:24 Wheelbarrow
26:03 Long Swordsman
28:20 Hand Cart
28:27 Ballistas
28:31 Gold Mining
28:54 Bow Saw
30:07 Forging
30:13 Chain Mail Armor
30:33 Murder Holes
31:21 Heavy Plow
31:57 Ballistics
31:30 Fletching
31:40 Padded Archer Armor
32:28 Bodkin Arrow
36:32 Imperial Age
34:47 Leather Archer Armor
35:09 Iron Casting
35:48 Gold Shaft Mining
37:35 Conscription
38:26 Siege Engineers
39:23 Chemistry
38:38 Heavy Scorpion
38:44 Legionary
40:46 Comitatenses
40:00 Elite Centurion
41:00 Town Watch
41:19 Caravan
41:55 Crop Rotation
42:43 Masonry
44:27 Town Patrol
45:00 Architecture
45:41 Blast Furnace
45:12 Ring Archer Armor
48:36 Spies/Treason
yawentseng1102
11:27 Feudal Age
14:21 Horse Collar
20:19 Double-Bit Axe
23:58 Castle Age
33:01 Imperial Age
31:29 Wheelbarrow
32:06 Caravan
34:15 Heavy Plow
34:26 Bow Saw
35:13 Capped Ram
36:40 Hand Cart
36:27 Cavalier
39:12 Chemistry
Go long Nvidia
5:00 Loom
11:16 Feudal Age
12:07 Double-Bit Axe
17:34 Town Watch
21:33 Castle Age
19:38 Domestication
21:29 Forging
21:34 Man-at-Arms
23:50 Bow Saw
25:36 Wheelbarrow
26:43 Long Swordsman
28:00 Masonry
28:08 Scale Mail Armor
28:46 Gambesons
31:29 Hand Cart
34:11 Imperial Age
31:25 Pikeman
33:21 Squires
34:01 Iron Casting
33:42 Chain Mail Armor
32:53 Light Cavalry
33:53 Treadmill Crane
36:19 Fortified Wall
35:51 Two-Handed Swordsman
37:31 Plate Mail Armor
37:02 Champion
39:08 Hand Cart
39:10 Arson
39:44 Pastoralism
40:48 Two-Man Saw
41:05 Heavy Camel Rider
43:09 Husbandry
43:38 Scale Barding Armor
44:43 Conscription
44:47 Gold Mining
45:40 Transhumance
47:47 Elite Steppe Lancer
Connection lost

Rejoining the realm…

Still unreachable

The connection could not be restored.

Session expired

The server has moved on; the page needs a fresh start.